 Dungeon Crawl Stone Soup version 0.30-b1-2-g02819fbbbe (webtiles) character file.

Game seed: 17561862076145615490

66 Fartwhistle the Changer (level 4, -7/57 HPs)
             Began as a Naga Transmuter on June 6, 2023.
             Killed from afar by an orc wizard (8 damage)
             ... with a puff of flame
             ... on level 3 of the Dungeon.
             The game lasted 00:03:02 (1905 turns).

Fartwhistle the Changer (Naga Transmuter)           Turns: 1905, Time: 00:03:03

Health: -7/57      AC: 22    Str: 10 (12) XL:     4   Next: 15%
Magic:  5/8        EV:  1    Int: 15 (16) God:
Gold:   61         SH:  0    Dex:  8 (11) Spells: 2/8 levels left

rFire   . .          .
                       - Unarmed
rCold   . . .        (no shield)
rNeg    . . .        a - melded +0 robe
rPois   +            (helmet currently unavailable)
rElec   .            (cloak currently unavailable)
rCorr   .            (gloves currently unavailable)
SInv    +            (no barding)
Will    .....        (no amulet)
Stlth   +            (no ring)
HPRegen 0.29/turn    (no ring)
MPRegen 0.11/turn

%: no passive effects
@: tree-form, wereblooded
A: stationary, stasis, torment immunity, boosted hp, AC +1, large, see
invisible, (deformed body), (poison resistance), (slowness 2), spit poison 1,
(naga tail 1)
a: Spit Poison


You were on level 3 of the Dungeon.
You were a tree.
You visited 1 branch of the dungeon, and saw 3 of its levels.

You collected 61 gold pieces.

Inventory:

Missiles
 i - 9 javelins
Armour
 a - a +0 robe (melded)
Magical Staves
 m - a staff of fire
Scrolls
 c - 2 scrolls of teleportation {unknown}
 e - 3 scrolls of identify {unknown}
 h - 2 scrolls of enchant weapon {unknown}
 l - a scroll of noise {unknown}
 n - a scroll of vulnerability {unknown}
Potions
 b - a potion of lignification
 d - a potion of attraction {unknown}
 g - a potion of magic {unknown}
 j - a potion of mutation {unknown}
 k - a potion of cancellation {unknown}


   Skills:
 - Level 1.2 Fighting
 - Level 1.7 Dodging
 - Level 3.1 Unarmed Combat
 + Level 2.6 Spellcasting
 * Level 3.3 Transmutations
 + Level 1.0 Poison Magic


You had 2 spell levels left.
You knew the following spells:

 Your Spells              Type           Power      Damage    Failure   Level
a - Beastly Appendage     Tmut           24%        N/A       5%          1
b - Wereblood             Tmut           12%        N/A       8%          2
c - Spider Form           Tmut/Pois      8%         N/A       26%         3

Your spell library contained the following spells:

 Spells                   Type           Power      Damage    Failure   Level
 Ice Form                 Ice/Tmut       7%         N/A       71%         4


Dungeon Overview and Level Annotations

Branches:
Dungeon (3/15)

Altars:


Innate Abilities, Weirdness & Mutations

You are a tree.
Your roots penetrate the ground, keeping you stationary.
You cannot be teleported.
You are immune to unholy pain and torment.
Your maximum health is greatly increased.
Your equipment is partially melded.
((Your serpentine skin is tough. (AC +1)))
You have supernaturally acute eyesight. (SInv)
((Armour fits poorly on your strangely shaped body.))
((Your system is resistant to poisons. (rPois)))
((You cover ground very slowly.))
You can spit poison.
((You have a snake-like lower body.))


Message History

The orc wizard is lightly wounded.
A frilled lizard comes into view.
The orc wizard gestures at you while chanting.
The magic dart hits you!
You barely miss the orc wizard.
The orc wizard is lightly wounded.
The orc hits you with a +0 short sword. The orc wizard closely misses you.
You barely miss the orc.
The orc is almost dead.
Your horns disappear.
The orc wizard hits you with a +2 vampiric dagger.
You hit the orc wizard.
The orc wizard is moderately wounded.
The orc wizard hits you but does no damage.
The orc misses you.
The orc wizard hits you with a +2 vampiric dagger.
The orc wizard draws strength from your wounds!
You hit the orc.
You feel a bit better.
You kill the orc!
You hit the orc wizard.
The orc wizard is moderately wounded.
The orc wizard gestures at you while chanting.
The magic dart hits you!
* * * LOW HITPOINT WARNING * * *
The orc wizard hits you with a +2 vampiric dagger.
* * * LOW HITPOINT WARNING * * *
The orc wizard draws strength from your wounds!
Really quaff the potion of lignification?
You turn into a tree.
Your +0 robe melds into your body.
Your roots penetrate the ground.
The orc wizard points at you and mumbles some strange words.
The magic dart hits you.
* * * LOW HITPOINT WARNING * * *
The orc wizard hits you but does no damage.
It was a potion of degeneration.
There was something very wrong with that liquid.
You feel weakened.
You feel dopey.
You feel clumsy.
The orc wizard points at you and mumbles some strange words.
The puff of flame hits you!
You die...

.... ..##...#.......#
###..##......#...†...##
.....#.#....#.........
#...#......#....#+###
###...............+
........#=.......#
####..#...'........+
......#..##........#
......)♣o#####.....#
.....##o## #.#.###
.......r# #.#..#
####.##.# #.##.# # ...
#.# .# ... ..... ...##
....#


You could see 2 orc wizards and a rat.

Vanquished Creatures
  An adder (D:2)
  A worm (D:2)
  2 dart slugs
  2 orcs (D:3)
  5 ball pythons
  A bat (D:3)
  4 endoplasms
  3 giant cockroaches
  A goblin (D:2)
  3 hobgoblins
  3 jackals (D:1)
  3 quokkas
  4 frilled lizards
  10 kobolds
  3 rats (D:1)
46 creatures vanquished.

Notes
Turn   | Place    | Note
-------+----------+-------------------------------------------
     0 | D:1      | Fartwhistle the Naga Transmuter began the quest for the
                  | Orb.
     0 | D:1      | Reached XP level 1. HP: 18/18 MP: 3/3
     2 | D:1      | Noticed a gargoyle
     4 | D:1      | Noticed a formicid
     6 | D:1      | Noticed a tengu
     6 | D:1      | Noticed a meteoran
     8 | D:1      | Noticed a vampire
     8 | D:1      | Noticed a spriggan
    10 | D:1      | Noticed an octopode
    10 | D:1      | Noticed a felid
    12 | D:1      | Noticed a merfolk
    12 | D:1      | Noticed a draconian
    17 | D:1      | Noticed a demonspawn
    17 | D:1      | Noticed a troll
    19 | D:1      | Noticed a minotaur
    19 | D:1      | Noticed a naga
    21 | D:1      | Noticed a demigod
    21 | D:1      | Noticed an ogre
    23 | D:1      | Noticed a ghoul
    23 | D:1      | Noticed a human
    25 | D:1      | Noticed a vine stalker
    25 | D:1      | Noticed an elf
    27 | D:1      | Noticed a felid
    27 | D:1      | Noticed an armataur
    29 | D:1      | Noticed a vampire
    29 | D:1      | Noticed a demigod
   299 | D:1      | Reached XP level 2. HP: 21/25 MP: 5/5
   325 | D:1      | Learned a level 2 spell: Wereblood
   632 | D:1      | Reached XP level 3. HP: 24/31 MP: 4/6
   971 | D:2      | Learned a level 3 spell: Spider Form
  1638 | D:2      | Reached XP level 4. HP: 34/38 MP: 7/7
  1880 | D:3      | Reached skill level 1 in Poison Magic
  1904 | D:3      | HP: 1/57 [orc wizard/magic dart (5)]
  1905 | D:3      | Killed from afar by an orc wizard

Illustrated notes

Levels and vault maps discovered:
D:1:      kb_arrival_jail, layout_basic, hangedman_decor_clover_reticule
D:2:      wander_river, layout_basic, kennysheep_nub
D:3:      layout_basic, mainiacjoe_overflow_surrounded_room

Skill      XL: |  1  2  3  4 |
---------------+-------------+-----
Transmutations | 3 |  3.3
Poison Magic   | 1 |  1.0
Fighting       | |  1.2
Dodging        | |  1.7
Unarmed Combat | |  3.1
Spellcasting   | |  2.6

Action                     |  1- 3 |  4- 6 || total
---------------------------+-------+-------++-------
  Melee: Unarmed           |   160 |    28 ||   188
         Headbutt          |     9 |     1 ||    10
   Cast: Beastly Appendage |     7 |     1 ||     8
         Wereblood         |       |     1 ||     1
    Use: Potion            |       |     2 ||     2
   Stab: Sleeping          |     1 |       ||     1
 Armour: Robe              |    16 |    10 ||    26
         Skin              |       |     1 ||     1
  Dodge: Dodged            |    86 |    15 ||   101
